 Seeded DCSS version 0.31.0-32-g396128a36d (webtiles) character file.

Game seed: 11920130714543812510 (custom seed)

32 Griffin23 the Trooper (level 3, -2/33 HPs)
             Began as a Minotaur Fighter on Mar 15, 2024.
             Slain by a goblin
             ... wielding a +4 dagger of electrocution
              (11 damage)
             ... on level 2 of the Dungeon.
             The game lasted 00:01:22 (926 turns).

Griffin23 the Trooper (Minotaur Fighter)             Turns: 926, Time: 00:01:23

Health: -2/33      AC: 12    Str: 28    XL:     3   Next: 10%
Magic:  2/2        EV:  8    Int:  5    God:
Gold:   84         SH:  4    Dex:  9    Spells: 2/2 levels left

rFire   . . .        a - +0 long sword
rCold   . . .        c - +0 buckler
rNeg    . . .        e - +0 chain mail
rPois   .            g - +2 hat
rElec   .            r - +0 cloak
rCorr   .            (no gloves)
SInv    .            (no boots)
Will    .....        (no amulet) Stlth
                     n - +6 ring of strength
HPRegen 0.25/turn    (no ring)
MPRegen 0.08/turn

%: no passive effects
@: no status effects
A: horns 2, retaliatory headbutt
a: no special abilities


You were on level 2 of the Dungeon.
You visited 1 branch of the dungeon, and saw 2 of its levels.

You collected 84 gold pieces.

Inventory:

Hand Weapons
 a - a +0 long sword (weapon)
Armour
 b - a +0 scale mail
 c - a +0 buckler (worn)
 e - a +0 chain mail (worn)
 g - a +2 hat (worn)
 r - a +0 cloak (worn)
Jewellery
 n - a +6 ring of strength (left hand)
Scrolls
 f - a scroll of blinking
 j - a scroll of enchant weapon
 m - a scroll of noise
 o - a scroll of acquirement {unknown}
 p - a scroll of fog {unknown}
Potions
 d - a potion of might
 h - a potion of invisibility {unknown}
 i - 2 potions of lignification {unknown}
 k - a potion of mutation {unknown}
 l - a potion of berserk rage {unknown}
 q - a potion of curing {unknown}


   Skills:
 + Level 4.2 Fighting
 + Level 2.7 Long Blades
 + Level 4.0 Armour
 + Level 4.1 Shields


You had 2 spell levels left.
You didn't know any spells.
Your spell library contained the following spells:

 Spells                   Type           Power      Damage    Failure   Level
 Blink                    Tloc           0%         N/A       99%         2
 Lesser Beckoning         Tloc           0%         N/A       99%         2
 Momentum Strike          Conj/Tloc      0%         3d8       99%         2


Dungeon Overview and Level Annotations

Branches:
Dungeon (2/15)

Altars:


Innate Abilities, Weirdness & Mutations

You have a pair of horns on your head.
You reflexively headbutt those who attack you in melee.


Message History

You barely miss the adder. Your headbutt misses the adder.
The adder is almost dead.
The bat hits you but does no damage. The adder completely misses you.
The bat hits you but does no damage. The adder bites you but does no damage.
You miss the adder.
The adder is almost dead.
The bat hits you but does no damage. You block the adder's attack.
The adder bites you but does no damage.
You barely miss the adder.
The adder is almost dead.
The bat barely misses you. You furiously retaliate!
You headbutt the bat!
You kill the bat!
The adder bites you but does no damage.
The goblin hits you with a +4 dagger of electrocution.
You barely miss the adder. You headbutt the adder.
You kill the adder!
The goblin hits you but does no damage.
You have reached level 3!
Your experience leads to an increase in your attributes!
Your base attributes are Str 20, Int 5, Dex 9.
Increase (S)trength, (I)ntelligence, or (D)exterity?
You feel stronger. x2
You closely miss the kobold. The goblin hits you but does no damage.
You are electrocuted!
* * * LOW HITPOINT WARNING * * *
You block the kobold's attack.
You are too injured to fight recklessly!
You are too injured to fight recklessly!
You see here a +0 club.
You barely miss the goblin.
The goblin hits you but does no damage. x2
You closely miss the goblin. The goblin barely misses you.
You hit the goblin but do no damage. Your headbutt misses the goblin.
The goblin hits you with a +4 dagger of electrocution.
* * * LOW HITPOINT WARNING * * *
You hit the goblin but do no damage. Your headbutt misses the goblin.
The goblin barely misses you. The goblin hits you but does no damage.
You hit the goblin. Your headbutt misses the goblin.
The goblin is moderately wounded.
The goblin hits you but does no damage.
You are electrocuted!
You die...

.....<..# #........#
#.......... .....####
##........###..........
.......
..............#.......#
.....###
#.......######>....##
.....# #.......#
##.#### ......
###.......# .#
.........## ##
.....#...# .....#@#.#
.... #g#...
#....†K.......
#..............
##.............
..$.##.##.#.... ..#..
..# .#...? . .. ### # #
[..


You could see a goblin and a kobold.

Vanquished Creatures
  An adder (D:2)
  4 ball pythons (D:1)
  3 bats
  3 endoplasms
  3 goblins
  2 hobgoblins
  A kobold (D:2)
  4 frilled lizards
  A rat (D:1)
22 creatures vanquished.

Notes
Turn   | Place    | Note
-------+----------+-------------------------------------------
     0 | D:1      | Griffin23 the Minotaur Fighter began the quest for the Orb.
     0 | D:1      | Reached XP level 1. HP: 19/19 MP: 0/0
   249 | D:1      | Reached XP level 2. HP: 27/27 MP: 1/1
   920 | D:2      | Reached XP level 3. HP: 23/33 MP: 2/2
   926 | D:2      | Slain by a goblin

Illustrated notes

Levels and vault maps discovered:
D:1:      wheals_arrival_shading, layout_loops_ring
D:2:      layout_rooms, uniq_terence

Skill      XL: |  1  2 |
---------------+-------+-----
Armour         | 4 |  4.0
Fighting       | 4 |  4.2
Shields        | 4 |  4.1
Long Blades    | |  2.7

Action                     || total
---------------------------++-------
  Melee: Long sword        ||    65
         Headbutt          ||     4
    Use: Scroll            ||     3
 Armour: Chain mail        ||    50
         Scale mail        ||     2
  Dodge: Dodged            ||    31
  Block: Buckler           ||    16
